 Dungeon Crawl Stone Soup version 0.21-a0-634-gaf8bc5d (webtiles) character file.

9932 theanonym the Cleaver (level 11, -20/92 HPs)
             Began as a Mummy Fighter on Dec 29, 2017.
             Was an Elder of Makhleb.
             Killed from afar by a deep elf mage (33 damage)
             ... with a bolt of lightning
             ... on level 9 of the Dungeon.
             The game lasted 00:33:23 (14052 turns).

theanonym the Cleaver (Mummy Fighter)              Turns: 14052, Time: 00:33:24

Health: -20/92     AC: 15    Str: 24    XL:     11   Next: 29%
Magic:  0/13       EV:  4    Int:  7    God:    Makhleb [****..]
Gold:   860        SH:  9    Dex: 11    Spells: 10/10 levels left

rFire    x . .     SeeInvis .   a - +0 war axe
rCold    + . .     Gourm    .   c - +0 shield
rNeg     + + +     Faith    .   w - +0 plate armour {18}
rPois    ∞         Spirit   +   b - +1 hat
rElec    .         Reflect  .   i - scarf {Spirit}
rCorr    +         Harm     .   (no gloves)
MR       +....                  (no boots)
Stlth    ..........             e - amulet of regeneration {Regen+}
HPRegen  0.65/turn              g - +3 ring of protection
MPRegen  0.13/turn              j - ring of resist corrosion {rCorr}

@: no status effects
A: no food or potions, fire vulnerability, cold resistance 1, negative energy
resistance 3, torment resistance, unbreathing
a: Minor Destruction, Lesser Servant of Makhleb, Major Destruction, Renounce
Religion


Innate Abilities, Weirdness & Mutations

You do not eat or drink.
Your flesh is vulnerable to fire.
You are immune to poison.
Your flesh is cold resistant. (rC+)
You are immune to negative energy. (rN+++)
You are immune to unholy pain and torment.
You can survive without breathing.


   Skills:
 + Level 10.5 Fighting
 * Level 11.9 Axes
 - Level 2.4 Armour
 - Level 2.4 Shields
 + Level 2.8 Invocations


You had 10 spell levels left.
You didn't know any spells.

Skill      XL: |  1  2  3  4  5  6  7  8  9 10 11 |
---------------+----------------------------------+-----
Axes           | 2 3 4 5 6 8 10 11 | 11.9
Fighting       | 4 5 6 7 8 10 | 10.5
Invocations    | 1 2 |  2.8
Armour         | |  2.4
Shields        | |  2.4

Action                   |  1- 3 |  4- 6 |  7- 9 | 10-12 || total
-------------------------+-------+-------+-------+-------++-------
Melee: War axe           |   165 |   163 |   478 |   560 ||  1366
 Fire: Hunting sling     |       |     6 |    17 |       ||    23
Throw: Tomahawk          |       |     2 |     3 |     4 ||     9
       Stone             |       |       |       |     1 ||     1
Invok: Lesser Servant of |       |       |       |     3 ||     3
Evoke: Wand              |       |       |     3 |    17 ||    20
  Use: Scroll            |       |     5 |     8 |     6 ||    19
Armor: Scale mail        |    90 |    40 |       |       ||   130
       Chain mail        |       |    42 |   241 |       ||   283
       Plate armour      |       |       |   108 |   301 ||   409
Dodge: Dodged            |    68 |    49 |   114 |    82 ||   313
Block: Shield            |    78 |    97 |   273 |   263 ||   711

Inventory:

Hand Weapons
 a - a +0 war axe (weapon)
 k - a +2 flail of protection
   (You took it off an orc priest on level 9 of the Dungeon)
 z - a +1 hunting sling of freezing
   (You took it off a goblin on level 3 of the Dungeon)
Missiles
 h - 270 stones
 l - 3 throwing nets
 n - 16 sling bullets
 B - 8 silver javelins
 G - 2 tomahawks (quivered)
Armour
 b - a +1 hat (worn)
   (You found it on level 9 of the Dungeon)
 c - a +0 shield (worn)
 i - a scarf of spirit shield (worn)
   (You found it on level 2 of the Dungeon)
 o - the +0 buckler of Xegot {rN+ SInv Stlth+}
   (You found it on level 4 of the Dungeon)

   It protects you from negative energy.
   It lets you see invisible.
   It makes you more stealthy.
 q - a +0 chain mail
   (You took it off an orc priest on level 4 of the Dungeon)
 w - a +0 plate armour (worn) {18}
   (You took it off an orc warrior on level 6 of the Dungeon)
 I - a +0 hat
   (You found it on level 9 of the Dungeon)
Jewellery
 e - an amulet of regeneration (around neck) {Regen+}
   (You took it off a kobold on level 3 of the Dungeon)
 g - a +3 ring of protection (left hand)
   (You found it on level 4 of the Dungeon)
 j - a ring of resist corrosion (right hand) {rCorr}
   (You found it on level 2 of the Dungeon)
 v - an uncursed ring of ice {rC+ rF-}
   (You found it on level 9 of the Dungeon)
Wands
 d - a wand of digging (30)
   (You found it on level 7 of the Dungeon)
 s - a wand of disintegration (2)
   (You found it on level 5 of the Dungeon)
 x - a wand of flame (54)
   (You took it off an orc on level 9 of the Dungeon)
 F - a wand of enslavement (1)
   (You took it off an orc on level 9 of the Dungeon)
 H - a wand of iceblast (8)
   (You found it on level 9 of the Dungeon)
Scrolls
 f - a scroll of fog
 m - a scroll of enchant weapon
 p - 2 scrolls of immolation
 t - 6 scrolls of teleportation {!r}
 u - a scroll of silence
 y - 2 scrolls of magic mapping
 A - a scroll of fear
 C - 6 scrolls of remove curse
 D - a scroll of summoning {unknown}


You were on level 9 of the Dungeon.
You worshipped Makhleb.
Makhleb was greatly pleased with you.
You were not hungry.

You visited 2 branches of the dungeon, and saw 12 of its levels.

You collected 1144 gold pieces.
You spent 284 gold pieces at shops.

Dungeon Overview and Level Annotations

Branches:
Dungeon (10/15)            Temple (0/1) D:5            Lair (0/6) D:8
    Orc (2/2) D:9
    Elf: Orc:2

Altars:
Cheibriados
Dithmenos
Elyvilon
Gozag
Hepliaklqana
Makhleb
Nemelex Xobeh
Qazlal
Ru
Sif Muna
Trog
Vehumet
Xom
Yredelemnul
Zin
The Shining One

Shops:
D:9 !}*!=   Orc:1 *

Annotations:
D:9 wazuzu's ghost, journeyman HOMo
Orc:2 Azrael


Message History

The earth elemental hits you but does no damage.
You closely miss the deep elf mage.
You hit the earth elemental but do no damage.
You barely miss the earth elemental.
The deep elf mage gestures wildly while chanting.
The deep elf mage blinks!
You slash the earth elemental!
You hit the earth elemental but do no damage.
The deep elf mage casts a spell.
The deep elf mage blinks!
The earth elemental hits you! x2
You take 15 damage, and have 50/92 hp.
You now have 7/13 mp.
You hit the earth elemental but do no damage. x2
You completely miss the earth elemental.
Okay, then.
Unknown command.
Unknown command.
Okay, then.
Unknown command.
Unknown command.
Your shield prevents you from hitting the earth elemental.
You hit the earth elemental but do no damage.
Your plate armour prevents you from hitting the earth elemental.
You block the earth elemental's attack. The earth elemental hits you!!
* * * LOW HITPOINT WARNING * * *
The earth elemental hits you but does no damage.
You take 23 damage, and have 28/92 hp.
MASSIVE DAMAGE!!
You now have 4/13 mp.
Blink to where?
You are very lightly contaminated with residual magic.
As you read the scroll of blinking, it crumbles to dust.
The deep elf mage hits you but does no damage.
You hit the deep elf mage.
The deep elf mage completely misses you.
You slash the deep elf mage!
You kill the deep elf mage!
Makhleb accepts your kill.
The earth elemental disappears in a puff of smoke! x3
Things that are here:
a rapier; an elf corpse
There is a large open door here.
There is an open door here.
b - a runed hat;
I - a hat You see here a robe {0}.
You regained 2 hp, and now have 35/92 hp.
J - a fine hat;
K - a hat You see here a robe {0}.
As you read the scroll of identify, it crumbles to dust.
J - the +2 hat "Tokya" {rF- Str+9 Int+2 Slay-6} You drop the +2 hat "Tokya" {rF- Str+9 Int+2 Slay-6}.
You drop a hat.
You regained 2 hp, and now have 38/92 hp.
Okay, then.
Unknown command.
Wear which item? (? for menu, Esc to quit)
You start putting on your armour.
You continue putting on your runed hat. x4
You finish putting on your +1 hat.
You regained 3 hp, and now have 41/92 hp.
You start resting.
Your magical contamination has completely faded away.
You regained 18 hp, and now have 59/92 hp.
You regained 3 mp, and now have 10/13 mp.
You start resting.
Health restored: 92; MP restored: 13
Okay, then.
Unknown command.
Drop what? 34/52 slots (_ for help) (? for menu, Esc to quit)
You drop a book of Transfigurations.
Okay, then.
Unknown command.
You see here a robe {0}.
There is an open door here.
You open the door.
A deep elf mage comes into view. It is wielding a long sword.
The deep elf mage shouts!
The deep elf mage points at you and mumbles some strange words.
The bolt of lightning hits you!
Found a hardcover book and a leatherbound book.
You take 23 damage, and have 69/92 hp.
MASSIVE DAMAGE!!
You now have 10/13 mp.
Which direction?
You close the door.
You start resting.
A deep elf mage opens the door.
It is wielding a long sword.
The deep elf mage hits you but does no damage.
There is an open door here.
You hit the deep elf mage. The deep elf mage casts a spell at you.
The bolt of lightning hits you!
You take 19 damage, and have 52/92 hp.
MASSIVE DAMAGE!!
You now have 7/13 mp.
You slice the deep elf mage!! The deep elf mage casts a spell at you.
The bolt of lightning hits you!
You take 18 damage, and have 34/92 hp.
You now have 5/13 mp.
You closely miss the deep elf mage. The deep elf mage casts a spell at you.
The bolt of lightning hits you!
* * * LOW MAGIC WARNING * * *;
* * * LOW HITPOINT WARNING * * *
You take 21 damage, and have 13/92 hp.
MASSIVE DAMAGE!!
You now have 2/13 mp.
The deep elf mage gestures at you while chanting.
The bolt of lightning hits you!
* * * LOW MAGIC WARNING * * *
You die...

......###....[......)....#
......##..######''########
......##.#####......###
......##.# #.'.§..§.'.#
......#..# ###......###
......#.## ###......###
......#.# #.')§..§.'.#
.#####..# ###......### ##
##.## ####@†#### # #..#
#:e'..'[:# # #.##
########## # ##.# #..#
#.## #.# ##.# ###..#


You could see a deep elf mage.

Notes
Turn   | Place    | Note
-------+----------+-------------------------------------------
     0 | D:1      | theanonym the Mummy Fighter began the quest for the Orb.
     0 | D:1      | Reached XP level 1. HP: 18/18 MP: 1/1
    59 | D:1      | Reached skill level 2 in Axes
    62 | D:1      | HP: 9/18 [goblin/dagger (1)]
    71 | D:1      | HP: 9/18 [bat (1)]
    78 | D:1      | Reached XP level 2. HP: 13/24 MP: 2/2
   911 | D:2      | Reached XP level 3. HP: 26/29 MP: 3/3
  1066 | D:2      | Found a glowing golden altar of the Shining One.
  1067 | D:2      | Found a white marble altar of Elyvilon.
  1068 | D:2      | Found a glowing silver altar of Zin.
  1237 | D:2      | Found a sacrificial altar of Ru.
  1364 | D:2      | Found a faded altar of an unknown god.
  1847 | D:3      | Noticed melvinkitnick's ghost (amateur OgHu)
  2008 | D:3      | Reached skill level 3 in Axes
  2041 | D:3      | Found a shimmering altar of Xom.
  2103 | D:3      | Reached XP level 4. HP: 37/37 MP: 4/4
  2605 | D:3      | Reached skill level 4 in Fighting
  2987 | D:3      | HP: 17/37 [melvinkitnick's ghost (6)]
  2988 | D:3      | Killed melvinkitnick's ghost
  2988 | D:3      | Reached skill level 4 in Axes
  2988 | D:3      | Reached XP level 5. HP: 20/43 MP: 2/5
  3235 | D:3      | Found a shimmering altar of Xom.
  3237 | D:3      | Found a shimmering altar of Xom.
  3237 | D:3      | Found a stormy altar of Qazlal.
  3239 | D:3      | Found a shimmering altar of Xom.
  3239 | D:3      | Found a shadowy altar of Dithmenos.
  3239 | D:3      | Found a glowing golden altar of the Shining One.
  3403 | D:4      | Got an ichor-stained buckler
  3404 | D:4      | Identified the +0 buckler of Xegot {rN+ SInv Stlth+} (You found it on level 4 of the Dungeon)
  3448 | D:4      | Reached XP level 6. HP: 49/49 MP: 6/6
  3493 | D:4      | Found a sacrificial altar of Ru.
  3493 | D:4      | Found a snail-covered altar of Cheibriados.
  4205 | D:4      | Found a burning altar of Makhleb.
  4205 | D:4      | Noticed a balrug
  4247 | D:3      | Reached skill level 5 in Fighting
  4247 | D:3      | Reached skill level 5 in Axes
  4285 | D:4      | HP: 17/51 [ogre/giant spiked club (15)]
  4286 | D:4      | Reached XP level 7. HP: 18/56 MP: 2/7
  4298 | D:4      | Noticed a neqoxec
  4298 | D:4      | Noticed a smoke demon
  4300 | D:4      | Became a worshipper of Makhleb the Destroyer
  4547 | D:5      | Entered Level 5 of the Dungeon
  4708 | D:4      | HP: 28/56 [killer bee (4)]
  4713 | D:4      | HP: 26/56 [killer bee (2)]
  4846 | D:5      | Reached skill level 6 in Axes
  4972 | D:5      | Reached skill level 6 in Fighting
  5124 | D:5      | Found a staircase to the Ecumenical Temple.
  5149 | D:5      | Noticed Dowan
  5162 | D:5      | Reached XP level 8. HP: 58/64 MP: 5/8
  5170 | D:5      | Killed Dowan
  5220 | D:5      | Noticed Duvessa
  5231 | D:5      | HP: 31/65 [Duvessa/rapier (9)]
  5232 | D:5      | Killed Duvessa
  5232 | D:5      | Reached skill level 7 in Axes
  5288 | D:5      | Found a hazy altar of Hepliaklqana.
  5328 | D:5      | Noticed Blork the orc
  5345 | D:5      | Killed Blork the orc
  5353 | D:5      | Found a deep blue altar of Sif Muna.
  5721 | D:6      | Reached * piety under Makhleb
  5933 | D:6      | HP: 31/65 [ogre/giant spiked club (22)]
  6126 | D:6      | HP: 21/65 [orc warrior/flail (17)]
  6138 | D:6      | HP: 26/65 [bullfrog (1)]
  6182 | D:5      | Reached skill level 7 in Fighting
  6308 | D:6      | HP: 32/67 [orc warrior/war axe (19)]
  6313 | D:6      | HP: 21/67 [orc wizard/dagger of flaming (1)]
  6317 | D:6      | Reached skill level 8 in Axes
  6573 | D:6      | Found a sparkling altar of Nemelex Xobeh.
  6574 | D:6      | Found an opulent altar of Gozag.
  6618 | D:6      | Reached XP level 9. HP: 71/72 MP: 9/9
  6721 | D:6      | Found a basalt altar of Yredelemnul.
  7684 | D:7      | Reached skill level 8 in Fighting
  7730 | D:7      | Found a radiant altar of Vehumet.
  7731 | D:7      | Found a burning altar of Makhleb.
  7736 | D:7      | Reached skill level 9 in Axes
  7741 | D:7      | Reached ** piety under Makhleb
  7877 | D:7      | HP: 25/74 [ogre/giant club (14)]
  7888 | D:7      | HP: 18/74 [hog (7)]
  8418 | D:8      | HP: 28/75 [ogre/giant spiked club (19)]
  8425 | D:8      | HP: 24/75 [ogre/giant spiked club (8)]
  8542 | D:8      | Reached skill level 10 in Axes
  8546 | D:8      | Reached XP level 10. HP: 71/82 MP: 7/10
  8565 | D:8      | Reached skill level 9 in Fighting
  8627 | D:8      | HP: 38/83 [porcupine's spines (9)]
  8706 | D:8      | HP: 37/83 [crocodile (12)]
  8717 | D:8      | Found a staircase to the Lair.
  8803 | D:8      | HP: 38/83 [porcupine's spines (8)]
  8808 | D:8      | HP: 30/83 [wolf (3)]
  9478 | D:9      | Found Ulixik's General Store.
  9497 | D:9      | Bought 2 throwing nets for 78 gold pieces
  9497 | D:9      | Bought 2 scrolls of teleportation for 78 gold pieces
  9593 | D:9      | Noticed a two-headed ogre
  9658 | D:9      | Noticed wazuzu's ghost (journeyman HOMo)
  9665 | D:9      | HP: 40/83 [wazuzu's ghost (2)]
  9742 | D:9      | HP: 40/83 [two-headed ogre/giant spiked club (7)]
  9745 | D:9      | Killed a two-headed ogre
  9748 | D:9      | HP: 37/84 [hippogriff (3)]
  9753 | D:9      | HP: 34/84 [hippogriff (1)]
  9754 | D:9      | Reached skill level 11 in Axes
  9759 | D:9      | HP: 20/84 [killer bee (6)]
  9894 | D:9      | Found Optughir's Jewellery Emporium.
  9985 | D:9      | HP: 32/85 [wazuzu's ghost (12)]
 10109 | D:9      | Reached *** piety under Makhleb
 10214 | D:9      | Found Uthrip's Gadget Emporium.
 10267 | D:9      | Found a bloodstained altar of Trog.
 10314 | D:9      | HP: 42/85 [orc priest/flail of protection (3)]
 10319 | D:9      | HP: 42/85 [orc warrior/scimitar (3)]
 10390 | D:9      | Found a staircase to the Orcish Mines.
 10494 | D:9      | HP: 35/85 [wazuzu's ghost (11)]
 10679 | D:9      | HP: 38/85 [wazuzu's ghost (16)]
 10828 | D:9      | HP: 42/85 [wazuzu's ghost (1)]
 11000 | Orc:1    | Entered Level 1 of the Orcish Mines
 11000 | Orc:1    | Found Liefam's Assorted Antiques.
 11005 | Orc:1    | Bought a scroll labeled CIM TAPSINULU for 32 gold pieces
 11006 | Orc:1    | Bought a scroll labeled HUHEIMN OGEO for 32 gold pieces
 11007 | Orc:1    | Bought a scroll of identify for 64 gold pieces
 11015 | Orc:1    | Reached skill level 10 in Fighting
 11273 | Orc:1    | HP: 36/85 [orc warrior/war axe (9)]
 11275 | Orc:1    | Reached skill level 1 in Invocations
 11280 | Orc:1    | HP: 34/85 [ogre/giant club (1)]
 11294 | Orc:1    | HP: 42/85 [something/puff of flame (12)]
 11447 | Orc:1    | Noticed an orc sorcerer
 11454 | Orc:1    | Killed an orc sorcerer
 11614 | Orc:2    | Entered Level 2 of the Orcish Mines
 11618 | Orc:2    | Noticed Azrael
 11653 | D:10     | Entered Level 10 of the Dungeon
 11664 | D:10     | Reached XP level 11. HP: 91/91 MP: 12/12
 11947 | D:10     | HP: 39/91 [troll (9)]
 11951 | D:10     | Reached skill level 2 in Invocations
 12231 | D:10     | Reached **** piety under Makhleb
 12242 | D:10     | HP: 45/92 [orc warrior/trident (13)]
 12247 | D:10     | HP: 29/92 [orc warrior/trident (6)]
 12252 | D:10     | HP: 17/92 [orc warrior/trident (2)]
 12758 | D:9      | HP: 37/92 [wazuzu's ghost (11)]
 12765 | D:9      | HP: 19/92 [wazuzu's ghost (13)]
 12767 | D:9      | HP: 9/92 [wazuzu's ghost (10)]
 12820 | D:9      | HP: 38/92 [wazuzu's ghost (5)]
 12823 | D:9      | HP: 18/92 [wazuzu's ghost (18)]
 12837 | D:9      | HP: 16/92 [wazuzu's ghost (8)]
 12849 | D:9      | HP: 13/92 [wazuzu's ghost (6)]
 13176 | D:9      | Found Cuowubih's Distillery.
 13398 | D:9      | Found Ikkej's Distillery.
 13928 | D:9      | Noticed a deep elf mage
 13941 | D:9      | HP: 28/92 [earth elemental[a deep elf mage] (23)]
 13944 | D:9      | Killed a deep elf mage
 13953 | D:9      | Got a fine hat
 13954 | D:9      | Identified the +2 hat "Tokya" {rF- Str+9 Int+2 Slay-6} (You found it on level 9 of the Dungeon)
 14045 | D:9      | Noticed a deep elf mage
 14050 | D:9      | HP: 34/92 [deep elf mage/bolt of lightning (19)]
 14051 | D:9      | HP: 13/92 [deep elf mage/bolt of lightning (22)]
 14052 | D:9      | Killed from afar by a deep elf mage

Vanquished Creatures
  A two-headed ogre (D:9)
  An orc sorcerer (Orc:1)
  A deep elf mage (D:9)
  A centaur skeleton (D:10)
  2 trolls
  2 hippogriffs
  4 hogs (D:7)
  A human (D:7)
  A wyvern (D:8)
  Duvessa (D:5)
  4 porcupines (D:8)
  7 orc warriors
  The ghost of melvinkitnick the Chucker, an amateur OgHu (D:3)
  2 ice beasts
  A swamp drake (D:9)
  10 ogres
  4 black bears
  2 wolves (D:8)
  3 crocodiles (D:8)
  3 centaurs
  Blork the orc (D:5)
  7 bullfrogs
  A scorpion (D:10)
  Dowan (D:5)
  8 killer bees
  14 wights
  7 crimson imps
  2 bullfrog zombies (D:5)
  8 hounds
  13 orc wizards
  A bullfrog skeleton (D:7)
  A jelly (D:9)
  10 orc priests
  An iron imp (D:9)
  7 worker ants
  A killer bee zombie (D:8)
  A hound zombie (D:6)
  A hound skeleton (D:7)
  A howler monkey skeleton (D:4)
  8 adders
  4 gnolls (D:3)
  2 shadow imps
  A white imp (D:9)
  2 adder skeletons
  A worm (D:3)
  3 dart slugs
  3 leopard geckos
  51 orcs
  A ball python (D:3)
  2 giant cockroaches
  14 hobgoblins
  13 jackals
  2 quokkas
  10 bats
  3 frilled lizards
  13 goblins
  3 kobolds
  2 leopard gecko skeletons
  A leopard gecko zombie (D:5)
  A quokka skeleton (D:9)
  4 rats (D:1)
282 creatures vanquished.

Vanquished Creatures (others)
  A plant (D:8)
1 creature vanquished.

Grand Total: 283 creatures vanquished

Table legend:
 A = Turns spent in this place as a percentage of turns spent in the entire game.
 B = Non-inter-level travel turns spent in this place as a percentage of non-inter-level travel turns spent in the entire game.
 C = Inter-level travel turns spent in this place as a percentage of turns spent in this place.
 D = Turns resting spent in this place as a percentage of non-inter-level travel turns spent in this place.
 E = Turns spent auto-exploring this place as a percentage of non-inter-level travel turns spent in this place.
 F = Non-inter-level travel turns spent in this place divided by the number of levels of this place that you've seen.
                   A       B       C       D       E      F
               +-------+-------+-------+-------+-------+----------------------
         Total | 100.0 | 100.0 |   8.8 |  22.8 |  56.2 | 1067.4
       Dungeon |  95.5 |  95.3 |   9.1 |  22.5 |  56.2 | 1220.3
  Orcish Mines |   4.5 |   4.7 |   4.1 |  28.2 |  56.8 | 303.0
               +-------+-------+-------+-------+-------+----------------------
